 Dungeon Crawl Stone Soup version 0.19-a0-1907-gcff654f (webtiles) character file.

98 Leszczynek the Cudgeler (level 4, -3/44 HPs)
             Began as an Ogre Warper on Oct 21, 2016.
             Slain by an orc
             ... wielding a +0 flail
              (10 damage)
             ... on level 4 of the Dungeon.
             The game lasted 00:06:14 (1410 turns).

Leszczynek the Cudgeler (Ogre Warper)               Turns: 1410, Time: 00:06:15

Health: -3/44      AC:  3    Str: 16    XL:     4   Next: 71%
Magic:  7/7        EV: 10    Int: 12    God:
Gold:   73         SH:  0    Dex: 10    Spells: 0 memorised, 7 levels left

rFire  . . .     SeeInvis .     a - +0 mace
rCold  . . .     Gourm    .     b - +0 robe
rNeg   . . .     Faith    .     (no shield)
rPois  .         Spirit   .     (helmet restricted)
rElec  .         Reflect  .     (no cloak)
rCorr  .         Harm     .     (gloves unavailable)
MR     .....                    (boots unavailable)
Stlth  +.........               (no amulet)
                                (no ring)
                                (no ring)

@: flying
A: unfitting armour, tough skin 1
a: no special abilities


You were on level 4 of the Dungeon.
You were hungry.

You visited 1 branch of the dungeon, and saw 4 of its levels.

You collected 73 gold pieces.

Inventory:

Hand Weapons
 a - a +0 mace (weapon)
Missiles
 e - 5 tomahawks of dispersal (quivered)
Armour
 b - a +0 robe (worn)
Scrolls
 f - a scroll of blinking
 h - a scroll of fog {unknown}
 i - a scroll of remove curse {unknown}
 j - a scroll of magic mapping {unknown}
 m - a scroll of amnesia {unknown}
Potions
 n - a potion of flight
Books
 c - a book of Spatial Translocations

   Spells                             Type                      Level
   a - Blink                          Translocation                2
   b - Shroud of Golubria             Charms/Translocation         2
   c - Lesser Beckoning               Translocation                3
   d - Portal Projectile              Translocation                3
   e - Teleport Other                 Translocation                3
   f - Passage of Golubria            Translocation                4
Comestibles
 d - 2 bread rations
 g - 3 chunks of flesh
 l - a royal jelly


   Skills:
 - Level 2.6 Fighting
 + Level 6.3 Maces & Flails
 - Level 1.0 Throwing
 - Level 2.1 Dodging
 - Level 2.4 Spellcasting
   Level 2.1 Translocations


You had 7 spell levels left.
You didn't know any spells.

Dungeon Overview and Level Annotations

Branches:
Dungeon (4/15)
 Temple: D:4-7

Altars:
Elyvilon
Kikubaaqudgha
Qazlal

Annotations:
D:2 Sigmund
D:3 ogre (GC), Terence


Innate Abilities, Weirdness & Mutations

You are too large for most types of armour.
You have tough skin. (AC +1)


Message History

The orc hits you with a short sword.
* * * LOW HITPOINT WARNING * * *
You closely miss the orc.
The orc is severely wounded.
The orc hits you but does no damage.
You closely miss the orc.
The orc is heavily wounded.
The orc hits you with a short sword.
* * * LOW HITPOINT WARNING * * *
You barely miss the orc.
The orc is heavily wounded.
The orc closely misses you. The orc completely misses you.
You hit the orc.
You kill the orc!
Throwing (i - inventory. (,) - cycle):
k - a javelin (quivered)
Press: ? - help, Shift-Dir - straight line, f - orc
Aim: an orc, wielding a flail You throw a javelin.
The javelin barely misses the orc.
The orc hits you with a flail!
You die...

#.#o# #.#.#
#.#o# ##.#.#
#.###....#
#........#
#####...##
##.#############
#(.o@..........
#.#############
#.. #.## #.# #.#
#.# #.#


You could see an orc.

Vanquished Creatures
  Robin (D:3)
  3 adders
  An ooze (D:3)
  A worm (D:4)
  3 dart slugs (D:1)
  2 orcs (D:4)
  2 giant cockroaches
  5 goblins
  8 hobgoblins
  3 kobolds
  2 quokkas
  2 ball pythons
  4 bats
  3 frilled lizards
  5 rats
45 creatures vanquished.

Notes
Turn   | Place    | Note
-------+----------+-------------------------------------------
     0 | D:1      | Leszczynek the Ogre Warper began the quest for the Orb.
     0 | D:1      | Reached XP level 1. HP: 22/22 MP: 3/3
    12 | D:1      | Reached skill level 3 in Maces & Flails
    54 | D:1      | Reached XP level 2. HP: 11/29 MP: 5/5
   296 | D:1      | Reached skill level 4 in Maces & Flails
   538 | D:2      | Reached XP level 3. HP: 21/36 MP: 6/6
   547 | D:3      | Noticed Terence
   690 | D:3      | Noticed an ogre
   695 | D:4      | Noticed a slave
   695 | D:4      | Noticed a slave
   722 | D:3      | Found a white marble altar of Elyvilon.
   723 | D:3      | Found an ancient bone altar of Kikubaaqudgha.
   763 | D:3      | Reached skill level 5 in Maces & Flails
   798 | D:3      | Noticed Robin
   947 | D:2      | Found a stormy altar of Qazlal.
   982 | D:2      | Reached XP level 4. HP: 28/44 MP: 7/7
  1011 | D:2      | Noticed Sigmund
  1226 | D:3      | Killed Robin
  1226 | D:3      | Reached skill level 6 in Maces & Flails
  1410 | D:4      | Slain by an orc

Vault maps used:
D:1:      erik_arrival_cave_to_civilisation, minmay_tetromino_s4
D:2:      lemuel_coloured_pillars_altar, chequers_temple_overflow_minitemple,
          uniq_sigmund
D:3:      gammafunk_temple_overflow_pools, minivault_25, uniq_robin,
          uniq_terence
D:4:      kennysheep_little_box, fiery_altar_vehumet, serial_shops, shop,
          uniq_pikel

Skill      XL: |  1  2  3  4 |
---------------+-------------+-----
Maces & Flails | 3 4 5 6 |  6.3
Fighting       | |  2.6
Throwing       | |  1.0
Dodging        | |  2.1
Spellcasting   | |  2.4
Translocations | |  2.1

Action                   |  1- 3 |  4- 6 || total
-------------------------+-------+-------++-------
Melee: Mace              |   124 |    55 ||   179
Throw: Javelin           |     3 |     3 ||     6
  Use: Potion            |       |     2 ||     2
 Stab: Sleeping          |     1 |       ||     1
  Eat: Chunk             |     2 |     1 ||     3
Armor: Robe              |    29 |    13 ||    42
Dodge: Dodged            |    56 |    29 ||    85
